[Event "RUS-ch Rapid Women 2021"]
[White "Nasyrova,Ekaterina"]
[Black "Belenkaya,Dina"]
[Site "Sochi"]
[Round "4.6"]
[Annotator "NA"]
[Result "0-1"]
[Date "2021.10.12"]
[WhiteElo "2091"]
[BlackElo "2277"]
[PlyCount "196"]
[TimeControl "5400+30"]

1. d4 d5 2. Nf3 Nf6 3. c4 dxc4 4. e3 a6 5. a4 e6 6. Bxc4 c5 $11 7. 0-0 Nc6 8. Qe2 Qc7 9. Rd1 Bd6 10. Nc3 0-0 11. h3 b6 12. Bd2 Bb7 13. Rac1 Qe7 14. Be1 Rfd8 15. Ba2 Rac8 16. Bb1 cxd4 17. Nxd4 Nb4 18. e4 Bc5 19. Nb3 e5 20. Nxc5 bxc5 21. Qe3 Rd4 22. Ne2 Rxd1 23. Rxd1 Nc6 24. Rc1 Nd4 25. f3 Nd7 26. Ba2 Nf8 27. Nxd4 exd4 28. Qa3 Qg5 29. Rc2 h6 30. h4 Qe7 31. Bf2 Rc7 32. b4 cxb4 33. Rxc7 Qxc7 34. Qxb4 d3 35. Qd2 Qd7 36. Bc4 Qxa4 37. Qxd3 Qa1+ 38. Kh2 Qe5+ 39. g3 Qf6 40. Kg2 Qc6 41. Ba2 Bc8 42. Qd8 Qd7 43. Qb6 Ng6 44. Qxg6 a5 45. Qb6 a4 46. Qb4 Bb7 47. Bc4 Bc6 48. Bd5 Bb5 49. Bc5 Kh7 50. Qd4 Ba6 51. g4 Qb5 52. Kg3 Qf1 53. g5 Bc8 54. gxh6 Qh3+ 55. Kf4 Qxh4+ 56. Ke3 Qxh6+ 57. Kd3 a3 58. Qa4 Qf6 59. Qxa3 Qxf3+ 60. Kc4 Qe2+ 61. Kd4 f5 62. Qh3+ Kg6 63. Qg3+ Kh7 64. Qh4+ Kg6 65. Qg3+ Kh7 66. Qh3+ Kg6 67. Qg3+ Kh7 68. Qh4+ Kg6 69. Qd8 Qf2+ 70. Kc4 Ba6+ 71. Kb4 Qd2+ 72. Ka4 Qc2+ 73. Kb4 Qb1+ 74. Kc3 Qc1+ 75. Kd4 Qb2+ 76. Ke3 Qc1+ 77. Kd4 Qb2+ 78. Ke3 Qc1+ 79. Kd4 Qb2+ 80. Ke3 Qc1+ 81. Kf3 Qf1+ 82. Bf2 Qh3+ 83. Kf4 Qh2+ 84. Ke3 f4+ 85. Kf3 Qh3+ 86. Kxf4 Qh2+ 87. Bg3 Qd2+ 88. Ke5 Qc3+ 89. Kf4 Qd2+ 90. Ke5 Qc3+ 91. Kd6 Qxg3+ 92. e5 Qa3+ 93. Ke6 Qh3+ 94. Kd6 Qa3+ 95. Kc6 Qa4+ 96. Kc7 Qa5+ 97. Kd7 Qxd5+ 98. Kc7 Qxd8+ 0-1

[Event "RUS-ch Rapid Women 2021"]
[White "Protopopova,Anastasiya"]
[Black "Shafigullina,Zarina"]
[Site "Sochi"]
[Round "5.1"]
[Annotator "NA"]
[Result "1-0"]
[Date "2021.10.12"]
[WhiteElo "2257"]
[BlackElo "2204"]
[PlyCount "65"]
[TimeControl "5400+30"]

1. d4 Nf6 2. c4 e6 3. Nc3 Bb4 4. f3 d5 5. a3 Bxc3+ 6. bxc3 0-0 7. cxd5 exd5 8. e3 Bf5 9. Bd3 Bxd3 10. Qxd3 c5 11. Ne2 c4 12. Qc2 Re8 13. 0-0 Nc6 14. Bd2 Na5 15. Ng3 Nb3 16. Rae1 Qa5 17. e4 Qxa3 18. Bg5 Nd7 19. e5 b5 20. f4 b4 21. f5 Nf8 22. Nh5 Qa6 23. Nxg7 Kxg7 24. Bf6+ Kg8 25. Qf2 Ng6 26. Qg3 bxc3 27. e6 Qb7 28. fxg6 fxg6 29. e7 c2 30. Qh3 Qc6 31. Re6 Qc8 32. Qh6 Kf7 33. Rd6 1-0

[Event "RUS-ch Rapid Women 2021"]
[White "Belenkaya,Dina"]
[Black "Gvanceladze,Anna"]
[Site "Sochi"]
[Round "5.3"]
[Annotator "NA"]
[Result "1/2-1/2"]
[Date "2021.10.12"]
[WhiteElo "2277"]
[BlackElo "2196"]
[PlyCount "25"]
[TimeControl "5400+30"]

1. e4 c6 2. d4 d5 3. Nc3 dxe4 4. Nxe4 Bf5 5. Ng3 Bg6 6. h4 h6 7. Nf3 Nd7 8. h5 Bh7 9. Bd3 Bxd3 10. Qxd3 Ngf6 11. Bd2 e6 12. 0-0-0 Be7 13. Ne4 1/2-1/2

[Event "RUS-ch Rapid Women 2021"]
[White "Dimitrova,Aleksandra"]
[Black "Kovalevskaya,Ekaterina"]
[Site "Sochi"]
[Round "5.4"]
[Annotator "NA"]
[Result "1/2-1/2"]
[Date "2021.10.12"]
[WhiteElo "2197"]
[BlackElo "2364"]
[PlyCount "29"]
[TimeControl "5400+30"]

1. e4 c5 2. Nf3 Nc6 3. d4 cxd4 4. Nxd4 e5 5. Nb5 d6 6. a4 Be7 7. N1c3 a6 8. Na3 Nf6 9. Be2 Be6 10. Be3 Rc8 11. 0-0 0-0 12. Nc4 Nd4 13. Bxd4 Bxc4 14. Be3 Bxe2 15. Qxe2 1/2-1/2

[Event "RUS-ch Rapid Women 2021"]
[White "Goltseva,Ekaterina"]
[Black "Semenova,Elena"]
[Site "Sochi"]
[Round "5.5"]
[Annotator "NA"]
[Result "1/2-1/2"]
[Date "2021.10.12"]
[WhiteElo "2304"]
[BlackElo "2233"]
[PlyCount "91"]
[TimeControl "5400+30"]

1. d4 Nf6 2. c4 e6 3. g3 d5 4. Nf3 Be7 5. Bg2 0-0 6. 0-0 dxc4 7. Qc2 a6 8. a4 Bd7 9. Qxc4 Bc6 10. Nc3 Nbd7 11. Bf4 h6 12. Rfd1 Bd6 13. Qd3 Qe7 14. e4 e5 15. dxe5 Nxe5 16. Nxe5 Bxe5 17. Bxe5 Qxe5 18. f4 Qh5 19. e5 Bxg2 20. Kxg2 Nh7 21. Rd2 Rfe8 22. Rad1 Nf8 23. Nd5 Rac8 24. Qf3 Qf5 25. Ne3 Qg6 26. Qxb7 Rb8 27. Qd5 Rb4 28. Kh1 Reb8 29. Qd3 Qh5 30. Nd5 Rb3 31. Qe2 Qxe2 32. Rxe2 Ne6 33. f5 Nc5 34. Nxc7 Rxb2 35. Rxb2 Rxb2 36. e6 fxe6 37. fxe6 Re2 38. Rd8+ Kh7 39. Rd6 Ne4 40. Rxa6 Ng5 41. Kg1 Nf3+ 42. Kf1 Rd2 43. e7 Nxh2+ 44. Ke1 Nf3+ 45. Kf1 Nh2+ 46. Ke1 1/2-1/2

[Event "RUS-ch Rapid Women 2021"]
[White "Miroshnik,Ekaterina"]
[Black "Potapova,Margarita"]
[Site "Sochi"]
[Round "5.6"]
[Annotator "NA"]
[Result "1/2-1/2"]
[Date "2021.10.12"]
[WhiteElo "2092"]
[BlackElo "2257"]
[PlyCount "54"]
[TimeControl "5400+30"]

1. d4 Nf6 2. Nf3 e6 3. Bg5 d5 4. e3 Be7 5. Bd3 0-0 6. 0-0 h6 7. Bf4 c5 8. c3 Nc6 9. h3 Bd6 10. dxc5 Bxc5 11. Nbd2 Bd6 12. Bxd6 Qxd6 13. e4 Qc7 14. Re1 dxe4 15. Nxe4 Nd5 16. Ng3 Rd8 17. Qc2 Nf4 18. Bf1 b6 19. Ne2 Bb7 20. Nxf4 Qxf4 21. Qc1 Qf6 22. Qe3 Ne7 23. Nd4 Nd5 24. Qe5 Qg6 25. Rad1 Nf6 26. Nb5 Qc2 27. Qe2 Qxe2 1/2-1/2

[Event "RUS-ch Rapid Women 2021"]
[White "Tomilova,Elena"]
[Black "Protopopova,Anastasiya"]
[Site "Sochi"]
[Round "6.1"]
[Annotator "NA RC"]
[Result "1-0"]
[Date "2021.10.13"]
[WhiteElo "2256"]
[BlackElo "2257"]
[PlyCount "101"]
[TimeControl "5400+30"]

1. e4 c6 2. c4 d5 3. exd5 cxd5 4. cxd5 Nf6 5. Nc3 Nxd5 6. Nf3 Nxc3 7. bxc3 g6 8. d4 Bg7 9. Bd3 0-0 10. 0-0 Nc6 11. Re1 Qc7 12. Bg5 Rd8 13. Qe2 Be6 14. Rac1 Rac8 15. Qe3 Bxa2 16. h4 h5 17. Bf4 Qb6 18. Re2 Bd5 19. Ng5 a5 20. Rb1 Qa7 21. Qg3 a4 22. Bc7 Rd7 23. Bb6 Qb8 24. Qxb8 Nxb8 25. c4 Bxc4 26. Rc2 Bxd3 27. Rxc8+ Bf8 28. Rd1 Bc2 29. Rxc2 Nc6 30. Ra1 Nxd4 31. Rd2 e5 32. Rxa4 f6 33. Bxd4 fxg5 34. Be3 Rxd2 35. Bxd2 gxh4 36. Ra8 Kf7 37. Ra7 Kf6 38. Rxb7 g5 39. Rb5 Kf5 40. Kf1 g4 41. Bc3 Bg7 42. Ke2 Bf6 43. Rb1 Be7 44. Bb4 Bg5 45. Bd2 Be7 46. Rb7 Ke6 47. Kd3 h3 48. gxh3 gxh3 49. Ke4 Kf6 50. Rb3 Bc5 51. Rxh3 1-0

[Event "RUS-ch Rapid Women 2021"]
[White "Shafigullina,Zarina"]
[Black "Chernyak,Viktoria"]
[Site "Sochi"]
[Round "6.2"]
[Annotator "NA"]
[Result "1/2-1/2"]
[Date "2021.10.13"]
[WhiteElo "2204"]
[BlackElo "2285"]
[PlyCount "55"]
[TimeControl "5400+30"]

1. d4 d5 2. Nf3 Nf6 3. g3 c5 4. Bg2 cxd4 5. 0-0 g6 6. Nxd4 Bg7 7. c4 0-0 8. cxd5 Nxd5 9. Nb5 a6 10. Bxd5 axb5 11. Qb3 Nc6 12. Be3 Nd4 13. Bxd4 Bxd4 14. Rd1 Qb6 15. e3 Bg7 16. Nc3 Bg4 17. Rdc1 Bd7 18. a4 e6 19. Bg2 Ra5 20. Bf1 Bxc3 21. bxc3 Rfa8 22. Qd1 Be8 23. axb5 Bxb5 24. Rab1 Qc5 25. Bxb5 Rxb5 26. Qd7 Rxb1 27. Rxb1 Qxc3 28. Qxb7 1/2-1/2

[Event "RUS-ch Rapid Women 2021"]
[White "Nasybullina,Alfia"]
[Black "Belenkaya,Dina"]
[Site "Sochi"]
[Round "6.3"]
[Annotator "NA RC"]
[Result "1-0"]
[Date "2021.10.13"]
[WhiteElo "2101"]
[BlackElo "2277"]
[PlyCount "129"]
[TimeControl "5400+30"]

1. Nf3 d5 2. g3 Bg4 3. Bg2 Nd7 4. 0-0 c6 5. d3 e6 6. Nbd2 Ngf6 7. h3 Bh5 8. e4 Bc5 9. c3 dxe4 10. dxe4 Qc7 11. Kh1 0-0 12. Qc2 Rfd8 13. Nc4 e5 14. Ne3 Bxf3 15. Bxf3 Bf8 16. Nf5 Nc5 17. Be3 Ne6 18. Rad1 Bc5 19. Bc1 a5 20. a3 b5 21. b4 Bb6 22. Bg2 c5 23. Qe2 c4 24. Ne3 Bxe3 25. Qxe3 axb4 26. axb4 Ra2 27. Bf3 h6 28. Rxd8+ Nxd8 29. Rd1 Nb7 30. Bd2 Nd6 31. Bg2 Qc6 32. f3 Nh5 33. Be1 f5 34. Qc5 Qxc5 35. bxc5 Ne8 36. exf5 Ra7 37. Kh2 Nhf6 38. Bf2 Kf7 39. Re1 Ra3 40. Rxe5 Rxc3 41. c6 g5 42. fxg6+ Kxg6 43. Rxb5 Nc7 44. Rb7 Nfd5 45. f4 Rb3 46. Rxb3 cxb3 47. Be4+ Kf7 48. Bd4 Ke6 49. Kg2 Kd6 50. Be5+ Kc5 51. f5 Ne3+ 52. Kf3 Ned5 53. f6 Ne6 54. h4 Kxc6 55. f7 Kc5 56. Bg7 h5 57. f8=Q+ Nxf8 58. Bxf8+ Kc4 59. Bxd5+ Kxd5 60. Bg7 Ke6 61. Kf4 Kf7 62. Bb2 Kg6 63. Ke4 Kh6 64. Kf5 Kh7 65. Ke4 1-0

[Event "RUS-ch Rapid Women 2021"]
[White "Gvanceladze,Anna"]
[Black "Goltseva,Ekaterina"]
[Site "Sochi"]
[Round "6.4"]
[Annotator "NA RC"]
[Result "0-1"]
[Date "2021.10.13"]
[WhiteElo "2196"]
[BlackElo "2304"]
[PlyCount "127"]
[TimeControl "5400+30"]

1. d4 Nf6 2. Nf3 e6 3. c4 d5 4. Nc3 dxc4 5. e3 a6 6. Bxc4 b5 7. Bb3 Bb7 8. 0-0 Nbd7 9. Qe2 c5 10. Rd1 Qb8 11. e4 cxd4 12. Nxd4 Bd6 13. h3 0-0 14. a3 Rd8 15. Bc2 Bf4 16. Be3 Bxe3 17. Qxe3 Ne5 18. Bb3 Ng6 19. Nde2 Qc7 20. Rac1 Rxd1+ 21. Rxd1 Ne5 22. Qd4 Nc6 23. Qc5 Rc8 24. Qd6 Qxd6 25. Rxd6 Na5 26. Ba2 g6 27. f3 Rc7 28. Kf2 Nd7 29. b4 Nc6 30. Ke3 Kf8 31. Rd1 Ke7 32. f4 Nb6 33. g4 Nb8 34. g5 Nc4+ 35. Bxc4 Rxc4 36. h4 Nd7 37. h5 Nb6 38. h6 Rc8 39. Ra1 Nc4+ 40. Kd3 Rd8+ 41. Nd4 e5 42. fxe5 Nxe5+ 43. Ke3 f6 44. gxf6+ Kxf6 45. a4 Nc4+ 46. Kd3 Ke5 47. Nd5 Bxd5 48. exd5 Rxd5 49. Re1+ Kf4 50. Rf1+ Kg5 51. axb5 axb5 52. Rh1 Kf6 53. Kc3 Ne5 54. Rf1+ Ke7 55. Ra1 Nf7 56. Ra7+ Rd7 57. Nxb5 Nxh6 58. Ra1 Nf5 59. Re1+ Kf6 60. Na3 Rc7+ 61. Kd3 h5 62. b5 Rb7 63. Kc4 Nd6+ 64. Kc5 0-1

[Event "RUS-ch Rapid Women 2021"]
[White "Khokhlova,Daria"]
[Black "Kovanova,Baira"]
[Site "Sochi"]
[Round "6.5"]
[Annotator "NA"]
[Result "0-1"]
[Date "2021.10.13"]
[WhiteElo "2134"]
[BlackElo "2331"]
[PlyCount "60"]
[TimeControl "5400+30"]

1. d4 Nf6 2. c4 e6 3. Nc3 Bb4 4. e3 0-0 5. Bd2 d5 6. Bd3 a6 7. b3 dxc4 8. bxc4 c5 9. a3 Ba5 10. Nf3 cxd4 11. exd4 e5 12. Ne4 Bxd2+ 13. Qxd2 exd4 14. 0-0 Nc6 15. Nxf6+ Qxf6 16. Be4 Rd8 17. Rab1 Rb8 18. Qd3 h6 19. Bxc6 Qxc6 20. Nxd4 Qf6 21. Rfd1 Be6 22. c5 Rbc8 23. Qe3 Bd5 24. Ne2 Re8 25. Qc3 Qg5 26. Ng3 Bc6 27. Rbc1 h5 28. Qd2 Qg6 29. Qd6 Re6 30. Qd3 Re1+ 0-1

[Event "RUS-ch Rapid Women 2021"]
[White "Kovalevskaya,Ekaterina"]
[Black "Diakonova,Ekaterina"]
[Site "Sochi"]
[Round "6.6"]
[Annotator "NA RC"]
[Result "1/2-1/2"]
[Date "2021.10.13"]
[WhiteElo "2364"]
[BlackElo "2157"]
[PlyCount "92"]
[TimeControl "5400+30"]

1. e4 d6 2. d4 g6 3. Nf3 Nf6 4. Nc3 c6 5. Be2 Bg7 6. 0-0 Nbd7 7. e5 Nd5 8. Nxd5 cxd5 9. exd6 exd6 10. c3 0-0 11. Qb3 Nb6 12. Bf4 Qc7 13. Nd2 h6 14. Bf3 Be6 15. Rfe1 Rfe8 16. h4 Kh7 17. Nf1 Bf6 18. Ne3 Bxh4 19. Nxd5 Qd8 20. c4 Bg5 21. Bxg5 Qxg5 22. Nxb6 axb6 23. d5 Bg4 24. Bxg4 Qxg4 25. Qxb6 Rxa2 26. Qxd6 Qd4 27. Qd7 Rxe1+ 28. Rxe1 Kg7 29. Qe7 Rxb2 30. Qe3 Rd2 31. Qxd4+ Rxd4 32. Rc1 Kf6 33. Kf1 Ke7 34. Ke2 Kd6 35. Ke3 Kc5 36. Rb1 Rxc4 37. Rxb7 Kxd5 38. Rxf7 Ke6 39. Rh7 h5 40. g3 Kf6 41. Kf3 Rc2 42. Ra7 Kg5 43. Ra5+ Kf6 44. Ra6+ Kf5 45. Ra5+ Kf6 46. Ra6+ Kf5 1/2-1/2

[Event "RUS-ch Rapid Women 2021"]
[White "Protopopova,Anastasiya"]
[Black "Nasybullina,Alfia"]
[Site "Sochi"]
[Round "7.1"]
[Annotator "NA RC"]
[Result "0-1"]
[Date "2021.10.13"]
[WhiteElo "2257"]
[BlackElo "2101"]
[PlyCount "72"]
[TimeControl "5400+30"]

1. d4 Nf6 2. c4 c5 3. d5 e6 4. Nc3 exd5 5. cxd5 d6 6. g3 g6 7. Bg2 Bg7 8. Nf3 0-0 9. 0-0 a6 10. a4 Qe7 11. Bf4 Nbd7 12. Re1 Nh5 13. Bg5 f6 14. Bd2 Ne5 15. Nxe5 fxe5 16. e4 Bd7 17. a5 Rf7 18. Be3 Qf8 19. Qd2 Nf6 20. h3 Nh5 21. Ne2 Bb5 22. Bh1 Rc8 23. Rac1 Bxe2 24. Qxe2 Bh6 25. Qd2 Bxe3 26. Rxe3 Qd8 27. Rb3 Qd7 28. Bg2 Rcf8 29. Rf1 Qc7 30. h4 c4 31. Rb6 Qc5 32. Qb4 Qd4 33. Qxd6 Nxg3 34. Ra1 Qxf2+ 35. Kh2 Qf4 36. Kg1 Ne2+ 0-1

[Event "RUS-ch Rapid Women 2021"]
[White "Kovanova,Baira"]
[Black "Tomilova,Elena"]
[Site "Sochi"]
[Round "7.2"]
[Annotator "NA RC"]
[Result "1-0"]
[Date "2021.10.13"]
[WhiteElo "2331"]
[BlackElo "2256"]
[PlyCount "57"]
[TimeControl "5400+30"]

1. e4 e6 2. d4 d5 3. e5 c5 4. c3 Nc6 5. Nf3 Qb6 6. Be2 cxd4 7. cxd4 Nh6 8. Bxh6 gxh6 9. Qd2 Bg7 10. Nc3 Bd7 11. 0-0 Rc8 12. Rac1 0-0 13. Bd3 f6 14. exf6 Rxf6 15. Ne5 Be8 16. Ne2 Rd8 17. Ng4 Rf8 18. Nxh6+ Kh8 19. Qg5 Bf6 20. Qg3 Nxd4 21. Nxd4 Qxd4 22. Rc7 Rd7 23. Qd6 Bg7 24. Rxd7 Bxd7 25. Qxd7 Qxd3 26. Nf7+ Kg8 27. Ng5 Qf5 28. Nxe6 Bd4 29. Nxf8 1-0

[Event "RUS-ch Rapid Women 2021"]
[White "Chernyak,Viktoria"]
[Black "Paramzina,Anastasya"]
[Site "Sochi"]
[Round "7.3"]
[Annotator "NA"]
[Result "1/2-1/2"]
[Date "2021.10.13"]
[WhiteElo "2285"]
[BlackElo "2260"]
[PlyCount "70"]
[TimeControl "5400+30"]

1. Nf3 Nf6 2. c4 g6 3. Nc3 d5 4. Qa4+ Bd7 5. Qb3 dxc4 6. Qxc4 c5 7. e4 Bc6 8. g3 Nbd7 9. Bg2 e5 10. 0-0 Nb6 11. Qe2 Nfd7 12. a4 Bg7 13. b3 0-0 14. Ba3 Re8 15. Rfc1 Nc8 16. b4 cxb4 17. Bxb4 Nf8 18. Ra2 Ne6 19. d3 Bh6 20. Rb1 Nd4 21. Qd1 Qd7 22. Bc5 Nxf3+ 23. Bxf3 b6 24. Bb4 Nd6 25. a5 Nb5 26. Nd5 Bxd5 27. exd5 Nd4 28. axb6 axb6 29. Rxa8 Nxf3+ 30. Qxf3 Rxa8 31. d6 Rd8 32. Qd5 Bf8 33. Qxe5 Bxd6 34. Bxd6 Qxd6 35. Qe3 Qxd3 1/2-1/2

[Event "RUS-ch Rapid Women 2021"]
[White "Shafigullina,Zarina"]
[Black "Solozhenkina,Elizaveta"]
[Site "Sochi"]
[Round "7.4"]
[Annotator "NA RC"]
[Result "0-1"]
[Date "2021.10.13"]
[WhiteElo "2204"]
[BlackElo "2325"]
[PlyCount "120"]
[TimeControl "5400+30"]

1. d4 Nf6 2. c4 g6 3. Nf3 Bg7 4. g3 c6 5. Bg2 0-0 6. 0-0 d5 7. Qb3 Qb6 8. c5 Qxb3 9. axb3 Nbd7 10. Nc3 Re8 11. b4 e5 12. e3 Ne4 13. Rd1 f5 14. Bf1 h6 15. Ne2 a6 16. dxe5 Nxe5 17. Nxe5 Rxe5 18. Nd4 Bd7 19. f3 Nf6 20. b5 cxb5 21. Bxb5 Bxb5 22. Nxb5 Rc8 23. Nd6 Rxc5 24. Nxb7 Rb5 25. Na5 Re6 26. Rd3 Nd7 27. Rb3 d4 28. Rxb5 axb5 29. Kf2 Nc5 30. Bd2 Nd3+ 31. Ke2 Nxb2 32. Ra3 Nc4 33. Nxc4 bxc4 34. Ra8+ Kh7 35. Ra7 g5 36. Rc7 c3 37. Bc1 dxe3 38. f4 Kg6 39. Rc4 Ra6 40. Bxe3 Ra2+ 41. Kd3 Rxh2 42. fxg5 hxg5 43. Rc6+ Kh5 44. Rc7 Bh6 45. Rxc3 Rg2 46. Rc5 Kg4 47. Rc6 Rxg3 48. Ke2 Rh3 49. Bf2 Rh2 50. Kf1 Bg7 51. Kg1 Rh3 52. Kg2 Rb3 53. Rc4+ f4 54. Ra4 Rb2 55. Rc4 Bf8 56. Kg1 Bb4 57. Bd4 Rb1+ 58. Kf2 Be1+ 59. Ke2 Bh4 60. Be5 Re1+ 0-1

[Event "RUS-ch Rapid Women 2021"]
[White "Lysenko,Margarita"]
[Black "Gvanceladze,Anna"]
[Site "Sochi"]
[Round "7.5"]
[Annotator "NA RC"]
[Result "1-0"]
[Date "2021.10.13"]
[WhiteElo "2252"]
[BlackElo "2196"]
[PlyCount "135"]
[TimeControl "5400+30"]

1. d4 d5 2. c4 c6 3. Nc3 Nf6 4. e3 g6 5. Nf3 Bg7 6. Bd3 0-0 7. h3 b6 8. 0-0 Bb7 9. b3 e6 10. Bb2 Re8 11. Qe2 Nbd7 12. Rad1 Qc7 13. Rfe1 Rad8 14. cxd5 exd5 15. Rc1 Qd6 16. Qc2 Rc8 17. Qb1 Bh6 18. Rcd1 Re6 19. Ne2 Ne4 20. Ne5 f6 21. Bxe4 fxe5 22. dxe5 Nxe5 23. Bc2 Rf8 24. Nd4 Re7 25. f4 Nd7 26. Nf3 Bg7 27. Kh1 Bxb2 28. Qxb2 Qf6 29. Qc1 Rfe8 30. Qd2 c5 31. b4 Kg7 32. Ba4 Rd8 33. Bxd7 Rdxd7 34. Ne5 Rxe5 35. fxe5 Qxe5 36. bxc5 bxc5 37. Rf1 Qg3 38. Rf3 Qg5 39. Rf4 Qh5 40. Rdf1 d4 41. e4 Qe5 42. Qf2 Re7 43. Rf7+ Kg8 44. Rxe7 Qxe7 45. e5 Bd5 46. a3 Bc4 47. Rc1 Bd5 48. Qf4 d3 49. Kh2 c4 50. Qd4 Qb7 51. Rxc4 Bxc4 52. Qxc4+ Qf7 53. Qxd3 Qf4+ 54. Qg3 Qe4 55. Qg5 Kf7 56. Qf6+ Ke8 57. Qe6+ Kf8 58. Qd6+ Kf7 59. Qf6+ Ke8 60. Qh8+ Ke7 61. Qxh7+ Ke6 62. Qg8+ Ke7 63. Qg7+ Ke8 64. Qf6 Kd7 65. Qd6+ Ke8 66. e6 Qf5 67. Qd7+ Kf8 68. e7+ 1-0

[Event "RUS-ch Rapid Women 2021"]
[White "Dimitrova,Aleksandra"]
[Black "Balaian,Alina"]
[Site "Sochi"]
[Round "7.6"]
[Annotator "NA RC"]
[Result "0-1"]
[Date "2021.10.13"]
[WhiteElo "2197"]
[BlackElo "2242"]
[PlyCount "38"]
[TimeControl "5400+30"]

1. e4 e6 2. d4 d5 3. Nc3 Bb4 4. e5 c5 $11 5. a3 Bxc3+ 6. bxc3 Ne7 7. Qg4 cxd4 8. cxd4 Qc7 9. Bd2 Qxc2 10. Qxg7 Rg8 11. Qh6 Nbc6 12. Nf3 Qb2 13. Rc1 Nxd4 14. Nxd4 Qxd4 15. Bb5+ Bd7 16. Bxd7+ Kxd7 17. 0-0 Rxg2+ 18. Kxg2 Qg4+ 19. Kh1 Rg8 0-1

[Event "RUS-ch Rapid Women 2021"]
[White "Nasybullina,Alfia"]
[Black "Kovanova,Baira"]
[Site "Sochi"]
[Round "8.1"]
[Annotator "NA"]
[Result "1-0"]
[Date "2021.10.13"]
[WhiteElo "2101"]
[BlackElo "2331"]
[PlyCount "81"]
[TimeControl "5400+30"]

1. d4 Nf6 2. g3 c5 3. dxc5 e6 4. Bg2 Bxc5 5. c4 Qb6 6. Nh3 d5 7. cxd5 Nxd5 8. 0-0 0-0 9. e4 Nb4 10. Nc3 Bd4 11. Na4 Qd8 12. Bg5 f6 13. Bd2 N4c6 14. Nf4 Qe7 15. Qb3 Na6 16. Rad1 Rb8 17. Be3 Bxe3 18. Qxe3 b5 19. Nc3 Ne5 20. Qe2 Bd7 21. b3 Nc5 22. b4 Na4 23. Nxa4 bxa4 24. Qe3 Qxb4 25. Qxa7 Rb7 26. Qe3 Qb2 27. Bh3 Qxa2 28. Rxd7 Rxd7 29. Bxe6+ Qxe6 30. Nxe6 Ra8 31. Ra1 Rda7 32. Qb6 Ra6 33. Qb7 R8a7 34. Qc8+ Kf7 35. Nc5 Rc6 36. Qb8 Ra5 37. Qb7+ Kg6 38. Nd3 Rca6 39. Nxe5+ fxe5 40. Ra3 Ra7 41. Qc6+ 1-0

[Event "RUS-ch Rapid Women 2021"]
[White "Solozhenkina,Elizaveta"]
[Black "Lysenko,Margarita"]
[Site "Sochi"]
[Round "8.2"]
[Annotator "NA"]
[Result "0-1"]
[Date "2021.10.13"]
[WhiteElo "2325"]
[BlackElo "2252"]
[PlyCount "64"]
[TimeControl "5400+30"]

1. e4 c5 2. Nf3 d6 3. d4 cxd4 4. Nxd4 Nf6 $14 5. f3 e5 6. Nb3 d5 7. Bg5 d4 8. c3 Nc6 9. Bb5 h6 10. Bxf6 Qxf6 11. cxd4 Bb4+ 12. Nc3 0-0 13. Bxc6 bxc6 14. dxe5 Qh4+ 15. g3 Qh3 16. Qc2 Rd8 17. Nd2 Ba6 18. 0-0-0 Bd3 19. Qb3 Rab8 20. e6 Bc5 21. exf7+ Kh8 22. Qa4 Qe6 23. Rhe1 Qxf7 24. e5 Qb7 25. Qb3 Qa6 26. Qe6 Bb4 27. Ndb1 Bxb1 28. Nxb1 Bxe1 29. Rxe1 Qb6 30. Qb3 Qf2 31. Qc3 Rd5 32. Re4 Rc5 0-1

[Event "RUS-ch Rapid Women 2021"]
[White "Balaian,Alina"]
[Black "Chernyak,Viktoria"]
[Site "Sochi"]
[Round "8.3"]
[Annotator "NA"]
[Result "1-0"]
[Date "2021.10.13"]
[WhiteElo "2242"]
[BlackElo "2285"]
[PlyCount "81"]
[TimeControl "5400+30"]

1. e4 c6 2. d4 d5 3. f3 e6 4. Nc3 b6 5. Bf4 Ne7 6. Nh3 Ba6 7. Qd2 Bxf1 8. Rxf1 Ng6 9. Bg3 Be7 10. 0-0-0 a5 11. f4 dxe4 12. Nxe4 0-0 13. f5 exf5 14. Rxf5 Nd7 15. d5 Nf6 16. Nxf6+ Bxf6 17. dxc6 Qxd2+ 18. Rxd2 Ne7 19. Rb5 Nxc6 20. Rxb6 Rac8 21. Kb1 Rfe8 22. a3 h5 23. Nf4 h4 24. Bf2 Bg5 25. g3 Ne5 26. Re2 Ng4 27. Rxe8+ Rxe8 28. Nh3 Bh6 29. Bd4 Re1+ 30. Ka2 Re2 31. gxh4 Rxc2 32. Ng5 Kf8 33. Rb8+ Ke7 34. Rb7+ Kd6 35. Nxf7+ Kd5 36. Bc3 Bf4 37. h3 Nf2 38. Bxg7 Nd3 39. Rb5+ Ke6 40. Ng5+ Kd7 41. Rd5+ 1-0

[Event "RUS-ch Rapid Women 2021"]
[White "Kovalevskaya,Ekaterina"]
[Black "Afonasieva,Anna"]
[Site "Sochi"]
[Round "8.4"]
[Annotator "NA RC"]
[Result "1/2-1/2"]
[Date "2021.10.13"]
[WhiteElo "2364"]
[BlackElo "2227"]
[PlyCount "142"]
[TimeControl "5400+30"]

1. Nf3 d5 2. g3 Nf6 3. Bg2 Bf5 4. c4 e6 5. 0-0 c6 6. d4 h6 7. Qb3 Qb6 8. c5 Qc7 9. Nc3 Nbd7 10. Bf4 Qc8 11. Nd2 Be7 12. e4 dxe4 13. Nc4 0-0 14. Bd6 Bxd6 15. Nxd6 Qc7 16. Qxb7 Qxb7 17. Nxb7 Rab8 18. Na5 Rfc8 19. Nc4 e3 20. Nd6 exf2+ 21. Rxf2 Rc7 22. Nxf5 exf5 23. b3 g6 24. Re2 Nf8 25. Rd1 Ne6 26. Red2 a5 27. Na4 Rd8 28. d5 cxd5 29. Bxd5 Ne4 30. Bxe4 Rxd2 31. Rxd2 fxe4 32. Rd5 Kf8 33. Re5 Ng5 34. Kf2 f5 35. Rd5 Ke7 36. a3 Rd7 37. Rxd7+ Kxd7 38. b4 axb4 39. axb4 Kc6 40. Nc3 Nf3 41. h4 Ne5 42. Ke3 Nd3 43. h5 gxh5 44. Ne2 Nxb4 45. Nd4+ Kxc5 46. Nxf5 Kd5 47. Nxh6 Nc2+ 48. Kd2 Nd4 49. Ke3 Ne6 50. Nf7 Ng7 51. Ng5 Nf5+ 52. Kf4 Nd6 53. g4 h4 54. Ke3 Ke5 55. Nh3 Nc4+ 56. Ke2 Kd4 57. g5 Nd6 58. g6 Nf5 59. Nf4 Ng7 60. Nh3 Nh5 61. Kf2 e3+ 62. Kf3 Kd3 63. Nf4+ Nxf4 64. g7 e2 65. g8=Q e1=Q 66. Qb3+ Kd4 67. Qa4+ Kd5 68. Qxf4 Qd1+ 69. Kg2 Qe1 70. Qf5+ Kd4 71. Qf4+ Kd5 1/2-1/2

[Event "RUS-ch Rapid Women 2021"]
[White "Tomilova,Elena"]
[Black "Vasilevich,Tatjana"]
[Site "Sochi"]
[Round "8.5"]
[Annotator "NA"]
[Result "0-1"]
[Date "2021.10.13"]
[WhiteElo "2256"]
[BlackElo "2326"]
[PlyCount "92"]
[TimeControl "5400+30"]

1. d4 Nf6 2. Nf3 g6 3. e3 Bg7 4. Be2 0-0 5. c4 d6 6. Nc3 c6 7. b3 Nbd7 8. Bb2 a6 9. Qc2 b5 10. 0-0 b4 11. Na4 c5 12. Rad1 Qc7 13. d5 Bb7 14. e4 e5 15. Nh4 Rae8 16. Bc1 Kh8 17. g3 Qd8 18. Bg5 h6 19. Bd2 Bc8 20. Bd3 Ng8 21. Rde1 Ndf6 22. Ng2 Bh3 23. f3 Nh7 24. Nb2 a5 25. Nd1 Bd7 26. a4 Qc8 27. Nde3 Ne7 28. Nh4 Bf6 29. Neg2 Bh3 30. Bxh6 Rg8 31. Bc1 Bxh4 32. gxh4 g5 33. h5 g4 34. f4 g3 35. Re2 Qg4 36. fxe5 gxh2+ 37. Kh1 dxe5 38. Rxf7 Ref8 39. Rxf8 Rxf8 40. Rf2 Rg8 41. Qe2 Qg3 42. Bb2 Nf6 43. Bxe5 Qxe5 44. Qf3 Ng4 45. Rd2 Qd4 46. Nf4 Qg1# 0-1

[Event "RUS-ch Rapid Women 2021"]
[White "Paramzina,Anastasya"]
[Black "Sukhareva,Evgeniya"]
[Site "Sochi"]
[Round "8.6"]
[Annotator "NA"]
[Result "1/2-1/2"]
[Date "2021.10.13"]
[WhiteElo "2260"]
[BlackElo "2143"]
[PlyCount "91"]
[TimeControl "5400+30"]

1. e4 c5 2. Nf3 e6 3. d4 cxd4 4. Nxd4 a6 5. a3 Qc7 6. Nd2 Nf6 7. Bd3 b6 8. N4f3 d6 9. b4 Bb7 10. Bb2 Nbd7 11. 0-0 Be7 12. c4 Rc8 13. Re1 Ne5 14. Nxe5 dxe5 15. f4 Nd7 16. Qh5 Qd6 17. Qh3 Bf6 18. Rad1 exf4 19. Bxf6 gxf6 20. Nf3 Qc7 21. Qh6 Ke7 22. Rd2 Rcg8 23. Red1 Rd8 24. Qh4 Qb8 25. Kh1 Ne5 26. Nxe5 Qxe5 27. Qf2 Qc7 28. c5 b5 29. a4 bxa4 30. b5 axb5 31. Bxb5 Rxd2 32. Rxd2 Rd8 33. h3 Bxe4 34. Rxd8 Kxd8 35. Qd4+ Bd5 36. Qxf6+ Qe7 37. Qh8+ Kc7 38. Qd4 Qg5 39. Qd2 Qg3 40. Qa5+ Kb8 41. Qd8+ Ka7 42. Qb6+ Ka8 43. Qd8+ Ka7 44. Qb6+ Ka8 45. Qd8+ Ka7 46. Qb6+ 1/2-1/2

[Event "RUS-ch Rapid Women 2021"]
[White "Balaian,Alina"]
[Black "Nasybullina,Alfia"]
[Site "Sochi"]
[Round "9.1"]
[Annotator "NA"]
[Result "1-0"]
[Date "2021.10.13"]
[WhiteElo "2242"]
[BlackElo "2101"]
[PlyCount "119"]
[TimeControl "5400+30"]

1. e4 c6 2. d4 d5 3. f3 e6 4. Nc3 Nf6 5. Be3 Bb4 6. e5 Nfd7 7. f4 c5 8. Nf3 Nc6 9. a3 Bxc3+ 10. bxc3 Qa5 11. Qd2 b6 12. g4 Ba6 13. Bg2 cxd4 14. cxd4 Qxd2+ 15. Nxd2 Rc8 16. Nb3 Bc4 17. Kd2 0-0 18. f5 Rc7 19. Rab1 Rfc8 20. Rb2 a6 21. h4 Na7 22. a4 Nc6 23. Bf3 Bxb3 24. cxb3 Nb4 25. Rhb1 Rc3 26. Be2 h6 27. fxe6 fxe6 28. g5 hxg5 29. Bxg5 Rg3 30. Be7 Nc6 31. Bxa6 Re8 32. Bd6 Nxd4 33. b4 Ra8 34. Bb5 Nxb5 35. axb5 Raa3 36. Rc2 Rae3 37. Re1 Rd3+ 38. Kc1 Ra3 39. Ree2 Ra1+ 40. Kb2 Rga3 41. Rg2 R1a2+ 42. Kc1 Rxc2+ 43. Rxc2 Re3 44. Rc6 d4 45. Kd2 Kh7 46. Bc7 Nxe5 47. Bxe5 Rxe5 48. Rxb6 Re3 49. Rd6 e5 50. Kc2 Rc3+ 51. Kb2 g6 52. Rd5 Re3 53. b6 Re2+ 54. Kb3 Re3+ 55. Ka4 Rf3 56. Rxe5 Rf6 57. Ka5 Rd6 58. b7 Rd8 59. Ka6 d3 60. Re1 1-0